 Dungeon Crawl Stone Soup version 0.29-a0-23-ga79f92ac9c (webtiles) character file.

Game seed: 14205716555549166560

77 HallandMoats the Skirmisher (level 4, 0/29 HPs)
             Began as an Octopode Fighter on Jan 31, 2022.
             Was a Believer of Hepliaklqana.
             Slain by Ijyb (2 damage)
             ... on level 3 of the Dungeon.
             The game lasted 00:02:26 (2269 turns).

HallandMoats the Skirmisher (Octopode Fighter)      Turns: 2269, Time: 00:02:27

Health: 0/29       AC:  1    Str: 15    XL:     4   Next: 33%
Magic:  4/4        EV: 13    Int: 10    God:    Hepliaklqana [**....]
Gold:   101        SH:  5    Dex: 13    Spells: 3/3 levels left

rFire   . . .      SeeInvis .   a - +0 trident
rCold   . . .      Faith    .   b - +0 buckler
rNeg    . . .      Spirit   .   (helmet restricted)
rPois   .          Reflect  .   (no amulet)
rElec   .          Harm     .   (no ring)
rCorr   .          Rampage  .   (no ring)
Will    .....                   (no ring)
Stlth   ++........              (no ring)
HPRegen 0.09/turn               (no ring)
MPRegen 0.09/turn               (no ring)
                                (no ring)
                                (no ring)

@: no status effects
A: reduced essence, almost no armour, amphibious, 8 rings, camouflage 1,
gelatinous body 1, (nimble swimmer 1), tentacles
a: Renounce Religion, Recall Ancestor, Ancestor Identity


You were on level 3 of the Dungeon.
You worshipped Hepliaklqana.
Hepliaklqana was pleased with you.
You visited 1 branch of the dungeon, and saw 3 of its levels.

You collected 101 gold pieces.

Inventory:

Hand Weapons
 a - a +0 trident (weapon)
Armour
 b - a +0 buckler (worn)
 h - an orb of light
Jewellery
 e - a ring of willpower
 m - an amulet of reflection
Scrolls
 f - a scroll of fear {unknown}
 k - 2 scrolls of holy word {unknown}
 l - a scroll of magic mapping {unknown}
 n - a scroll of silence {unknown}
 o - a scroll of enchant armour {unknown}
Potions
 c - 3 potions of might
 d - a potion of magic {unknown}
 g - a potion of attraction {unknown}
 i - a potion of mutation {unknown}
 j - 2 potions of curing {unknown}


   Skills:
 * Level 3.7 Fighting
 * Level 3.0 Polearms
 + Level 3.3 Dodging
 + Level 3.4 Shields


You had 3 spell levels left.
You didn't know any spells.
Your spell library was empty.

Dungeon Overview and Level Annotations

Branches:
Dungeon (3/15)

Altars:
Hepliaklqana

Shops:
D:2 [

Annotations:
D:3 Ijyb


Innate Abilities, Weirdness & Mutations

Your life essence is reduced to manifest your ancestor. (-10% HP)
You cannot wear most types of armour.
You are amphibious.
You can wear up to eight rings at the same time.
Your skin changes colour to match your surroundings (Stealth+).
Your rubbery body absorbs attacks. (AC +1, EV +1)
((You are camouflaged when in or above water. (Stealth+)))
You have tentacles for arms and can constrict up to eight enemies at once.


Message History

No target in view!
No target in view!
No target in view!
No target in view!
No target in view!
No target in view!
No target in view!
No target in view!
No target in view!
No target in view!
No target in view!
Found a stone staircase leading down.
There is a stone staircase leading down here.
Ijyb the Twisted Goblin comes into view.
She is wielding a +0 dagger and carrying a wand of iceblast (7).
Ijyb is nearby!
Ijyb is nearby!
Ijyb is nearby!
Found 10 stones.
A rat comes into view.
You reach to attack!
The helpless Ijyb fails to defend herself.
You hit Ijyb but do no damage.
Octavius points at Ijyb and mumbles some strange words.
Ijyb resists with some effort.
Ijyb zaps a wand.
The mass of ice explodes!
The iceblast engulfs you!
The iceblast engulfs Octavius!
Octavius partially resists.
You hear an angry hiss.
You reach to attack!
You closely miss Ijyb.
An adder comes into view.
Ijyb zaps a wand.
The mass of ice explodes!
The iceblast engulfs you!
* * * LOW HITPOINT WARNING * * *
The iceblast engulfs Octavius.
Octavius partially resists.
Octavius is destroyed!
Ijyb hits you with a +0 dagger.
* * * LOW HITPOINT WARNING * * *
Unknown command.
You barely miss Ijyb. You grab Ijyb. You constrict Ijyb, but do no damage.
Ijyb hits you with a +0 dagger.
You die...

#.
#.##...#
#.
#≈≈....#
#.
#≈≈≈(..#
##
#≈#....#
#...
#≈r≈...#
####
#≈#≈...#
#
#≈≈≈≈g.#
# #≈.S@#
# #≈...#
..
#....#
#.
#....#
..
###..#
#..#
##.# #>#
#.#


You could see Ijyb, an adder and a rat.

Vanquished Creatures
  4 adders
  2 worms (D:2)
  A dart slug (D:1)
  3 ball pythons (D:1)
  2 bats
  2 endoplasms
  2 giant cockroaches (D:1)
  2 goblins (D:2)
  3 hobgoblins
  2 quokkas
  3 frilled lizards
  5 kobolds (D:1)
  3 rats
34 creatures vanquished.

Vanquished Creatures (collateral kills)
  A bat (D:3)
1 creature vanquished.

Vanquished Creatures (others)
  A hexer (D:3)
  2 fungi (D:1)
  A plant (D:1)
4 creatures vanquished.

Grand Total: 39 creatures vanquished

Notes
Turn   | Place    | Note
-------+----------+-------------------------------------------
     0 | D:1      | HallandMoats the Octopode Fighter began the quest for the
                  | Orb.
     0 | D:1      | Reached XP level 1. HP: 16/16 MP: 1/1
   152 | D:1      | Reached XP level 2. HP: 19/21 MP: 2/2
   799 | D:1      | Found a faded altar of an unknown god.
   806 | D:1      | Prayed at the altar of an unknown god.
   806 | D:1      | Became a worshipper of Hepliaklqana the Forgotten
   806 | D:1      | Reached * piety under Hepliaklqana
   851 | D:2      | Reached XP level 3. HP: 23/23 MP: 3/3
   943 | D:2      | Found Hudotz's Armour Boutique.
  1274 | D:2      | Reached ** piety under Hepliaklqana
  1275 | D:2      | Remembered your ancestor Octavius as a hexer
  1655 | D:2      | Reached XP level 4. HP: 19/29 MP: 4/4
  2260 | D:3      | Noticed Ijyb
  2269 | D:3      | Slain by Ijyb

Illustrated notes

Levels and vault maps discovered:
D:1:      dpeg_arrival_more_subterranean_lakeside_camping, layout_basic,
          shapermc_ecumenical_altar_petra
D:2:      layout_basic, serial_shops, shop
D:3:      layout_basic, lightli_sewer_entry_pipes,
          nicolae_concentric_dashed_squares_mild, uniq_ijyb

Skill      XL: |  1  2  3  4 |
---------------+-------------+-----
Polearms       | 3 |  3.0
Fighting       | |  3.7
Dodging        | |  3.3
Shields        | |  3.4

Action                   |  1- 3 |  4- 6 || total
-------------------------+-------+-------++-------
Melee: Trident           |    73 |    14 ||    87
       Constrict         |    16 |     4 ||    20
       Tentacles         |    15 |       ||    15
       Punch             |     1 |       ||     1
Invok: Ancestor Identity |     1 |       ||     1
       Ancestor Life: He |     1 |       ||     1
 Stab: Sleeping          |     7 |     4 ||    11
Armor: Skin              |     3 |       ||     3
Dodge: Dodged            |    18 |     4 ||    22
Block: Buckler           |     6 |     1 ||     7

Table legend: (Time is in decaauts)
 A = Elapsed time spent in this place.
 B = Non-inter-level travel time spent in this place.
 C = Inter-level travel time spent in this place.
 D = Time resting spent in this place.
 E = Time spent auto-exploring this place.
 F = Levels seen in this place.
 G = Mean time per level.
                   A        B        C        D        E       F      G
               +--------+--------+--------+--------+--------+-----+--------+
         Total |   2288 |   2231 |     57 |      0 |   1953 |   3 |  762.7 |
       Dungeon |   2288 |   2231 |     57 |      0 |   1953 |   3 |  762.7 |
               +--------+--------+--------+--------+--------+-----+--------+

Top non-repeatable levels by time:
     D:2: 1211 daAuts
     D:1: 843 daAuts
     D:3: 233 daAuts
